 Dungeon Crawl Stone Soup version 0.30.1-3-gfc49f6343a (webtiles) character file.

Game seed: 3195567235778431119

5586 hawla the Arsonist (level 11, -5/81 HPs)
             Began as a Meteoran Fire Elementalist on July 23, 2023.
             Was a Follower of Vehumet.
             Slain by a centaur warrior
             ... wielding a +0 spear
              (15 damage)
             ... on level 8 of the Dungeon on July 27, 2023.
             The game lasted 00:19:55 (4021 turns).

hawla the Arsonist (Meteoran Fire Elementalist)     Turns: 4021, Time: 00:19:56

Health: -5/81      AC:  6    Str: 14    XL:     11   Next: 22%
Magic:  18/24      EV: 14    Int: 21    God:    Vehumet [*.....]
Gold:   400        SH:  0    Dex: 15    Spells: 10/27 levels left

rFire   + . .        d - +3 rapier "Killer Klown's Curse" {freeze, rF+ Will+ Str+4}
rCold   . . .        (no shield)
rNeg    . . .        w - +0 steam dragon scales
rPois   .            f - +0 helmet
rElec   .            (no cloak)
rCorr   .            (no gloves)
SInv    .            (no boots)
Will    ++...        (no amulet)
Stlth   +            (no ring)
HPRegen 0.33/turn    (no ring)
MPRegen 0.19/turn

%: no passive effects
@: attractive, glowing
A: sense surroundings 2, otherworldly, glowing, explore regen
a: Renounce Religion


You were on level 8 of the Dungeon.
You worshipped Vehumet.
Vehumet was aware of your devotion.
You visited 2 branches of the dungeon, and saw 9 of its levels.

You collected 400 gold pieces.

Inventory:

Hand Weapons
 d - the +3 rapier "Killer Klown's Curse" (weapon) {freeze, rF+ Will+ Str+4}
   (You found it on level 2 of the Dungeon)

   Str:       It affects your strength (+4).
   rF:        It protects you from fire.
   Will:      It increases your willpower.
 o - a +0 lajatang
 r - the +9 spear "Gaeff" {protect, rF- Dex+4}
   (You found it on level 6 of the Dungeon)

   Dex:       It affects your dexterity (+4).
   rF:        It makes you vulnerable to fire.
Armour
 f - a +0 helmet (worn)
 w - +0 steam dragon scales (worn)
Wands
 g - a wand of acid (16) (quivered)
 u - a wand of roots (9)
Scrolls
 b - a scroll of butterflies
 i - a scroll of magic mapping
 j - a scroll of noise {unknown}
 m - a scroll of teleportation
 q - a scroll of silence {unknown}
 s - a scroll of blinking
 t - a scroll of vulnerability {unknown}
Potions
 a - a potion of flight {unknown}
 c - 2 potions of curing
 l - a potion of resistance
 n - 2 potions of haste
 p - a potion of invisibility
 v - a potion of magic


   Skills:
 - Level 2.6 Fighting
 + Level 6.5 Short Blades
 + Level 1.2(1.8) Polearms
 + Level 2.0(2.2) Staves
 - Level 4.7 Dodging
 - Level 1.4 Stealth
 - Level 8.6 Spellcasting
 - Level 8.6 Conjurations
 - Level 7.1 Translocations
 - Level 8.6 Fire Magic
 - Level 3.0 Evocations


You had 10 spell levels left.
You knew the following spells:

 Your Spells              Type           Power      Damage    Failure   Level
a - Foxfire               Conj/Fire      100%       2x1d9     1%          1
b - Scorch                Fire           90%        2d8       1%          2
c - Flame Wave            Conj/Fire      45%        2d12      2%          4
d - Iskenderun's Mystic   Conj/Tloc      42%        2d10      3%          4
e - Starburst             Conj/Fire      22%        6d8       32%         6

Your spell library contained the following spells:

 Spells                   Type           Power      Damage    Failure   Level
 Freeze                   Ice            36%        1d5       8%          1
 Volatile Blastmotes      Fire/Tloc      84%        2d17      1%          3
 Dazzling Flash           Conj/Hex       54%        N/A       3%          3
 Inner Flame              Hex/Fire       27%        N/A       3%          3
 Slow                     Hex            36%        N/A       8%          1
 Confusing Touch          Hex            9%         N/A       22%         3
 Frozen Ramparts          Ice            18%        1d3       22%         3
 Vampiric Draining        Necr           9%         2d6       22%         3
 Ice Form                 Ice/Tmut       9%         N/A       58%         4
 Summon Ice Beast         Ice/Summ       9%         N/A       58%         4
 Agony                    Necr           9%         N/A       91%         5
 Silence                  Hex/Air        4%         N/A       91%         5


Dungeon Overview and Level Annotations

Branches:
Dungeon (8/15) Zot: 935    Temple (1/1) D:6 Zot: 425
   Lair: D:8-11

Altars:
Ashenzari
Cheibriados
Dithmenos
Elyvilon
Fedhas
Gozag
Hepliaklqana
Kikubaaqudgha
Makhleb
Nemelex Xobeh
Okawaru
Qazlal
Ru
Sif Muna
Trog
Uskayaw
Vehumet
Wu Jian
Xom
Zin
The Shining One

Shops:
D:1 [   D:2 =


Innate Abilities, Weirdness & Mutations

You passively map the area around you.
You are easily found by Zot.
You glow in the dark.
You regain HP and MP as you explore.


Message History

Vehumet accepts your kill.
You feel your power returning. (Press . to intensify the flame waves.)
The centaur warrior unwields a +0 shortbow.
The centaur warrior wields a +0 spear.
The centaur warrior closely misses you.
The centaur warrior kicks you but does no damage.
A wave of flame ripples out!
The flame wave engulfs the centaur warrior.
The centaur warrior resists.
The centaur warrior is lightly wounded.
The centaur warrior hits you with a +0 spear!
The centaur warrior kicks you but does no damage.
A wave of flame ripples out!
The flame wave engulfs the centaur warrior.
The centaur warrior resists.
The centaur warrior is moderately wounded.
You finish channelling waves of flame.
You hear a shout!
The centaur warrior hits you with a +0 spear.
* * * LOW HITPOINT WARNING * * *
The centaur warrior kicks you.
* * * LOW HITPOINT WARNING * * *
The centaur warrior hits you with a +0 spear!
* * * LOW HITPOINT WARNING * * *
The centaur warrior barely misses you.
You feel better.
The centaur warrior hits you with a +0 spear!
* * * LOW HITPOINT WARNING * * *
The centaur warrior kicks you but does no damage.
Unknown command.
Casting: Flame Wave (dangerous; 2% risk of failure)
Confirm with . or Enter, or press ? or * to list all spells.
Flames lash the centaur warrior.
The centaur warrior resists.
The centaur warrior is moderately wounded.
The centaur warrior's fire resistance burns away.
You hear a shout!
The centaur warrior closely misses you.
The centaur warrior kicks you but does no damage.
The centaur warrior hits you with a +0 spear!
You die...

,,,,,,,,.......)##..###...# #.
,,,**,,,,,**#†!)..###....#######.
*****,,,,,###g#######....##...##.
*,,..,,#..)..#................
*,,....#.....#................
*,,...>'.....#.............##+
**,...####'####.....>###...##.
**,..,*##...###......###.(.##.
*,,.,,,#....c@.......'.......)
*,,****########.############..
**,,******#####...#######***#..
*,,,****,,....#...#......#**###
******,*,_....'...'[..._.#,*###
***,,....#...#......#**#..
*****#####...#######***#..
########.############..
######.....#........).......


You could see a centaur warrior (combustible).

Vanquished Creatures
  Gastronok (D:8)
  Pikel (D:5)
  Maurice (D:8)
  Psyche (D:8)
  A hornet (D:7)
  Sigmund (D:3)
  A steam dragon (D:8)
  Grum (D:8)
  A water moccasin (D:8)
  An ice beast (D:5)
  A black bear (D:8)
  4 ogres
  2 wolves (D:8)
  3 centaurs
  A phantom (D:5)
  A kobold brigand (D:7)
  2 bullfrogs
  2 scorpions
  7 wights
  6 killer bees (D:8)
  2 howler monkeys (D:7)
  4 electric eels (D:8)
  A hound (D:5)
  2 jellies
  A gnoll bouda (D:6)
  5 orc priests
  6 iguanas
  4 orc wizards
  A sleepcap (D:7)
  12 gnolls
  2 adders
  A shadow imp (D:5)
  A white imp (D:6)
  A dart slug (D:5)
  A worm (D:3)
  25 orcs
  A ball python (D:2)
  3 bats
  5 endoplasms
  2 giant cockroaches
  2 goblins
  5 hobgoblins
  3 quokkas (D:2)
  11 kobolds
  3 rats
143 creatures vanquished.

Vanquished Creatures (collateral kills)
  A foxfire (D:8)
1 creature vanquished.

Vanquished Creatures (others)
  110 foxfires
110 creatures vanquished.

Grand Total: 254 creatures vanquished

Notes
Turn   | Place    | Note
-------+----------+-------------------------------------------
     0 | D:1      | hawla the Meteoran Fire Elementalist began the quest for
                  | the Orb.
     0 | D:1      | Reached XP level 1. HP: 14/14 MP: 5/5
    39 | D:1      | Found Wepoagi Taer's Armour Shop.
   160 | D:1      | Reached XP level 2. HP: 20/20 MP: 3/6
   208 | D:2      | Identified the +3 rapier "Killer Klown's Curse" {freeze,
                  | rF+ Will+ Str+4}
   216 | D:2      | Reached XP level 3. HP: 26/26 MP: 2/8
   404 | D:2      | Found a faded altar of an unknown god.
   422 | D:2      | Found Baet's Jewellery Shoppe.
   422 | D:2      | Found Zash's Weapon Boutique.
   564 | D:3      | Learned a level 2 spell: Scorch
   783 | D:3      | Noticed Sigmund
   791 | D:3      | Killed Sigmund
   792 | D:3      | Reached skill level 1 in Fighting
   792 | D:3      | Reached skill level 5 in Fire Magic
   792 | D:3      | Reached XP level 4. HP: 18/35 MP: 1/11
   792 | D:3      | Reached XP level 5. HP: 21/40 MP: 1/12
   792 | D:3      | Reached XP level 6. HP: 25/47 MP: 1/13
   797 | D:3      | Learned a level 4 spell: Flame Wave
  1055 | D:4      | Reached XP level 7. HP: 22/52 MP: 0/14
  1197 | D:5      | Entered Level 5 of the Dungeon
  1215 | D:5      | Reached skill level 1 in Staves
  1215 | D:5      | Reached skill level 5 in Conjurations
  1275 | D:5      | Reached XP level 8. HP: 57/59 MP: 1/16
  1280 | D:5      | Noticed Pikel
  1321 | D:5      | Killed Pikel
  1364 | D:5      | Gained mutation: You passively map the area around you.
                  | [Meteoran growth]
  1364 | D:5      | Reached XP level 9. HP: 28/67 MP: 3/19
  2250 | D:6      | Found a staircase to the Ecumenical Temple.
  2425 | D:6      | Identified the +9 spear "Gaeff" {protect, rF- Dex+4}
  2577 | D:6      | Found a sparkling altar of Nemelex Xobeh.
  2697 | D:7      | Found a blossoming altar of Fedhas.
  2746 | D:7      | Reached skill level 1 in Evocations
  2778 | D:7      | Noticed a hornet
  2785 | D:7      | Killed a hornet
  2786 | D:7      | Reached XP level 10. HP: 58/74 MP: 12/23
  2886 | D:7      | Reached skill level 1 in Polearms
  3076 | D:7      | Found a burning altar of Makhleb.
  3076 | D:7      | Found a stormy altar of Qazlal.
  3155 | D:7      | Found a glowing silver altar of Zin.
  3156 | D:7      | Found a hazy altar of Hepliaklqana.
  3163 | D:7      | Learned a level 4 spell: Iskenderun's Mystic Blast
  3209 | Temple   | Entered the Ecumenical Temple
  3340 | Temple   | Became a worshipper of Vehumet
  3417 | D:8      | Noticed Gastronok
  3436 | D:8      | Killed Gastronok
  3445 | D:8      | Learned a level 6 spell: Starburst
  3487 | D:8      | Found a shimmering altar of Xom.
  3537 | D:8      | Found a white marble altar of Elyvilon.
  3678 | D:8      | Found a glowing golden altar of the Shining One.
  3696 | D:8      | Noticed Maurice
  3708 | D:8      | Killed Maurice
  3709 | D:8      | Reached XP level 11. HP: 49/81 MP: 9/24
  3808 | D:8      | Noticed Grum
  3809 | D:8      | Noticed Psyche
  3814 | D:8      | Reached skill level 5 in Short Blades
  3814 | D:8      | Killed Grum
  3816 | D:8      | Reached * piety under Vehumet
  3816 | D:8      | Offered knowledge of Freeze by Vehumet.
  3817 | D:8      | Killed Psyche
  3874 | D:8      | Found an opulent altar of Gozag.
  3874 | D:8      | Found an ancient bone altar of Kikubaaqudgha.
  4003 | D:8      | Identified the ring "Ympanebu" {Fly rF+ Dex+3}
  4003 | D:8      | Noticed a centaur warrior
  4021 | D:8      | Slain by a centaur warrior

Illustrated notes

Levels and vault maps discovered:
D:1:      dpeg_arrival_houses_and_road, layout_loops_ring, serial_shops, shop,
          minmay_misc_feat_room
D:2:      layout_loops_ring, dreamdust_ecumenical_altar_statues, serial_shops,
          nicolae_shop_advertising_works [nicolae_subvault_shop_adworks],
          nicolae_shop_crystal
D:3:      layout_rooms, minmay_misc_feat_iff, uniq_sigmund
D:4:      layout_basic
D:5:      layout_loops_ring, uniq_pikel
D:6:      layout_loops_ring, nemelex_dance_club_becter, temple_pool_b,
          minmay_misc_feat_encased, st_stairs_3, kennysheep_generic_room_13
D:7:      layout_rooms, old_standard_altar, minitemple,
          gammafunk_temple_overflow_elements
D:8:      layout_gridville, grunt_temple_overflow_holy_war,
          general_overflow_altar, nicolae_elyvilon_temple_path,
          gammafunk_temple_overflow_wave, grunt_decor_clamped, minivault_4,
          kennysheep_just_a_vault, uniq_maurice, uniq_grum, uniq_gastronok,
          uniq_psyche
Temple:   hellmonk_temple_beads

Skill      XL: |  1  2  3  4  5  6  7  8  9 10 11 |
---------------+----------------------------------+-----
Fire Magic     | 4 5 6 8 |  8.6
Spellcasting   | 4 6 8 |  8.6
Fighting       | 1 2 |  2.6
Short Blades   | 2 4 6 |  6.5
Dodging        | 3 4 |  4.7
Conjurations   | 2 4 5 6 8 |  8.6
Staves         | 1 2 |  2.0
Evocations     | 3 |  3.0
Polearms       | 1 |  1.2
Translocations | 7 |  7.1
Stealth        | |  1.4

Action                     |  1- 3 |  4- 6 |  7- 9 | 10-12 || total
---------------------------+-------+-------+-------+-------++-------
  Melee: Unarmed           |     1 |       |       |       ||     1
         Rapier            |    25 |    18 |    29 |    19 ||    91
         Punch             |     1 |       |       |       ||     1
   Cast: Foxfire           |    24 |     1 |    25 |    21 ||    71
         Scorch            |     2 |     2 |    47 |    15 ||    66
         Flame Wave        |       |     4 |    13 |    19 ||    36
  Evoke: Wand              |       |       |       |     1 ||     1
    Use: Scroll            |     1 |       |     7 |     6 ||    14
         Potion            |       |       |     3 |     4 ||     7
 Armour: Robe              |     9 |     1 |     9 |     5 ||    24
         Skin              |       |       |     8 |       ||     8
         Steam dragon scal |       |       |       |     8 ||     8
  Dodge: Dodged            |    16 |    18 |    45 |    37 ||   116
